 Dungeon Crawl Stone Soup version 0.25.0-1-g7eea58d2a3 (webtiles) character file.

Game seed: 4754192889879831923

35 Descartes the Charmwright (level 3, -2/28 HPs)
             Began as a Formicid Skald on June 14, 2020.
             Slain by an adder (3 damage)
             ... on level 2 of the Dungeon.
             The game lasted 00:02:54 (1708 turns).

Descartes the Charmwright (Formicid Skald)          Turns: 1708, Time: 00:02:55

Health: -2/28      AC:  5    Str: 16    XL:     3   Next: 52%
Magic:  4/6        EV: 11    Int: 12    God:
Gold:   49         SH:  0    Dex: 10    Spells: 5/6 levels left

rFire    . . .     SeeInvis +   a - +0 hand axe
rCold    . . .     Gourm    .   (no shield)
rNeg     . . .     Faith    .   t - +0 ring mail
rPois    .         Spirit   .   (helmet unavailable)
rElec    .         Reflect  .   (no cloak)
rCorr    +         Harm     .   (no gloves)
MR       .....                  (no boots)
Stlth    ..........             (no amulet)
HPRegen  0.09/turn              n - ring of resist corrosion
MPRegen  0.10/turn              (no ring)

@: lethally poisoned (-2 -> -10), infused
A: permanent stasis, dig shafts and tunnels, four strong arms, antennae 3
a: Dig, Shaft Self


You were on level 2 of the Dungeon.
You were not hungry.

You visited 1 branch of the dungeon, and saw 2 of its levels.

You collected 49 gold pieces.

Inventory:

Hand Weapons
 a - a +0 hand axe (weapon)
Missiles
 f - 36 stones (quivered)
 q - 47 arrows
 r - 39 sling bullets
 u - 23 bolts
Armour
 b - a +0 leather armour
 t - a +0 ring mail (worn)
Jewellery
 n - a ring of resist corrosion (left hand)
Scrolls
 c - a scroll of noise {unknown}
 e - 2 scrolls of remove curse {unknown}
 g - a scroll of enchant armour {unknown}
 h - a scroll of teleportation {unknown}
 i - 2 scrolls of immolation {unknown}
 k - a scroll of amnesia {unknown}
 l - a scroll of magic mapping {unknown}
 o - a scroll of identify {unknown}
 p - a scroll of fear {unknown}
Potions
 j - a potion of berserk rage {unknown}
 m - a potion of stabbing {unknown}
Comestibles
 d - 4 rations
 s - 5 chunks of flesh


   Skills:
 + Level 2.5 Fighting
 + Level 2.3 Axes
 * Level 2.1 Armour
 - Level 1.7 Dodging
 + Level 2.4 Spellcasting
 + Level 3.2 Charms


You had 5 spell levels left.
You knew the following spells:

 Your Spells              Type           Power        Failure   Level  Hunger
a - Infusion              Chrm           #...         13%         1    ##.....

Your spell library contained the following spells:

 Spells                   Type           Power        Failure   Level  Hunger
 Song of Slaying          Chrm           #.......     19%         2    ###....
 Shroud of Golubria       Chrm/Tloc      #.....       36%         2    ###....
 Ozocubu's Armour         Chrm/Ice       #.......     58%         3    ####...
 Spectral Weapon          Hex/Chrm       #.......     58%         3    ####...


Dungeon Overview and Level Annotations

Branches:
Dungeon (2/15)

Altars:
Hepliaklqana


Innate Abilities, Weirdness & Mutations

You cannot be hasted, slowed, berserked, paralysed or teleported.
You can dig through walls and to a lower floor.
Your four strong arms can wield two-handed weapons with a shield.
You have a pair of large antennae on your head. (SInv)


Message History

You miss the adder.
You feel sick. The adder barely misses you.
You barely miss the adder. The adder bites you.
You are lethally poisoned!
The adder poisons you! The adder closely misses you.
You barely miss the adder.
* * * LOW HITPOINT WARNING * * *
You feel sick. The adder barely misses you.
You hit the adder but do no damage.
* * * LOW HITPOINT WARNING * * *
You feel sick. The adder misses you. The adder bites you but does no damage.
Casting: Infusion (safe; 13% risk of failure)
Confirm with . or Enter, or press ? or * to list all spells.
You begin infusing your attacks with magical energy.
* * * LOW HITPOINT WARNING * * *
You feel sick. The adder bites you.
* * * LOW HITPOINT WARNING * * *
You hit the adder.
The adder is heavily wounded.
The adder closely misses you. The adder bites you.
You die...

#...)..........# #......#
#......).......# ####..##
#..............######..###
####.<............#.........##
#.................#.......#..#
#...............)##.............
#...............###........####.
......#......##..##........###
................@S............
.####.........................
##.........####.........##..
###.......#### #..#..........
..........#######.....##.####
..<...................# ...
...#.#.....##.###...#.# ####
#.........<## # #.....#
####.#####..#.# ..###.#


You could see an adder.

Vanquished Creatures
  A dart slug (D:2)
  An orc (D:1)
  3 giant cockroaches (D:1)
  8 goblins
  7 hobgoblins
  2 bats (D:1)
  A frilled lizard (D:1)
  2 kobolds
  3 rats (D:1)
28 creatures vanquished.

Notes
Turn   | Place    | Note
-------+----------+-------------------------------------------
     0 | D:1      | Descartes the Formicid Skald began the quest for the Orb.
     0 | D:1      | Reached XP level 1. HP: 16/16 MP: 3/3
   202 | D:1      | Reached XP level 2. HP: 17/23 MP: 5/5
   876 | D:1      | Reached XP level 3. HP: 13/28 MP: 6/6
  1682 | D:2      | Found a hazy altar of Hepliaklqana.
  1707 | D:2      | HP: 1/28 [adder (4)]
  1708 | D:2      | Slain by an adder

Illustrated notes

Levels and vault maps discovered:
D:1:      lemuel_arrival_broad_hall, layout_rooms, kennysheep_minor_cross,
          minmay_tall_x
D:2:      layout_rooms, nicolae_overflow_crystal_walls, kennysheep_small_spiral,
          kennysheep_another_room, minivault_24

Skill      XL: |  1  2  3 |
---------------+----------+-----
Armour         | 2 |  2.1
Fighting       | |  2.5
Axes           | |  2.3
Dodging        | |  1.7
Spellcasting   | |  2.4
Charms         | |  3.2

Action                   || total
-------------------------++-------
Melee: Hand axe          ||   129
 Cast: Infusion          ||     1
 Abil: Dig               ||     1
  Eat: Chunk             ||     3
Armor: Leather armour    ||    26
       Ring mail         ||     7
Dodge: Dodged            ||    76
